 Dungeon Crawl Stone Soup version 0.30-a0-691-g754fce4c43 (webtiles) character file.

Game seed: 9486228043029734283

171 wormed the Cutter (level 5, 0/32 HPs)
             Began as a Kobold Delver on Jan 19, 2023.
             Was an Initiate of Gozag.
             Slain by an orc
             ... wielding a +0 dagger of electrocution
              (20 damage)
             ... on level 4 of the Dungeon.
             The game lasted 00:02:09 (967 turns).

wormed the Cutter (Kobold Delver)                    Turns: 967, Time: 00:02:09

Health: 0/32       AC:  3    Str: 10    XL:     5   Next: 81%
Magic:  5/5        EV: 14    Int: 11    God:    Gozag
Gold:   194        SH:  0    Dex: 18    Spells: 4/4 levels left

rFire   . . .      SeeInvis .    a - +0 short sword
rCold   . . .      Faith    .    (no shield)
rNeg    . . .      Spirit   .    b - +0 leather armour
rPois   .          Reflect  .    (no helmet)
rElec   .          Harm     .    (no cloak)
rCorr   .          Rampage  .    (no gloves)
Will    .....                    (no boots)
Stlth   ++++                     (no amulet)
HPRegen 0.25/turn                (no ring)
MPRegen 0.09/turn                (no ring)

@: gold aura
A: small, no large weapons, nightstalker 3
a: Renounce Religion, Potion Petition, Call Merchant, Bribe Branch


You were on level 4 of the Dungeon.
You worshipped Gozag.
Gozag was aware of your devotion.
You visited 2 branches of the dungeon, and saw 3 of its levels.
You also visited: Sewer.

You collected 194 gold pieces.

Inventory:

Hand Weapons
 a - a +0 short sword (weapon)
Armour
 b - a +0 leather armour (worn)
Wands
 g - a wand of digging (9)
 p - a wand of iceblast (10)
Scrolls
 c - a scroll of fog
 d - a scroll of magic mapping
 f - a scroll of noise {unknown}
 h - a scroll of teleportation {unknown}
 k - 3 scrolls of identify {unknown}
 m - a scroll of poison {unknown}
 q - a scroll of amnesia {unknown}
Potions
 e - 2 potions of mutation {unknown}
 i - 3 potions of degeneration {unknown}
 j - a potion of magic {unknown}
 l - a potion of lignification {unknown}
 n - a potion of curing {unknown}
 o - a potion of attraction {unknown}


   Skills:
 - Level 3.2 Fighting
 * Level 7.3 Short Blades
 - Level 2.4 Dodging
 - Level 6.6 Stealth


You had 4 spell levels left.
You didn't know any spells.
Your spell library was empty.

Dungeon Overview and Level Annotations

Branches:
Dungeon (5/15)             Temple (1/1) D:5           Sewer (visited)

Altars:
Elyvilon
Gozag
Kikubaaqudgha
Okawaru
Qazlal
Ru
Trog
Wu Jian
Yredelemnul
The Shining One


Innate Abilities, Weirdness & Mutations

You are small and have problems with some larger weapons.
You are completely attuned to the shadows.


Message History

You barely miss the orc.
The orc is severely wounded.
The orc misses you. x2
You barely miss the orc.
The orc is severely wounded.
The orc hits you with a +0 short sword. The orc closely misses you.
You hit the orc.
You kill the orc!
You hit the orc.
The orc is heavily wounded.
The orc barely misses you. The orc misses you.
The orc attacks as you move away! The orc barely misses you.
The orc attacks as you move away! The orc hits you but does no damage.
The orc attacks as you move away!
The orc hits you with a +0 dagger of electrocution.
Found a robe.
The orc attacks as you move away! The orc hits you with a +0 hand axe!
The orc is distracted by your dazzling golden aura.
No target in view!
An orc is nearby!
You closely miss the orc.
The orc shouts!
The orc hits you with a +0 short sword.
You hit the orc.
You kill the orc!
You hit the orc.
The orc is severely wounded.
You closely miss the orc.
The orc is severely wounded.
The orc hits you with a +0 short sword. The orc barely misses you.
You hit the orc.
The orc is almost dead.
You hit the orc but do no damage.
The orc is almost dead.
The orc barely misses you.
The orc hits you with a +0 dagger of electrocution.
You are electrocuted!!
Ouch! That really hurt!
You die...
Your body crumbles into a pile of gold.

#.......# ..#........#
#......$...# #...
##...##...# ####..#.
#..#..#.#.# #......^
#...o.#.####..##...
#.###.#.##.......#.
###o###.#.#..#..~#...
...[o@........~~~~~...
#########...#~~~~~~~#.
#...~~~~~~~~..
##...~~~.~~~..
##..~~~~~~~~.
#.#~~~~~~~#.
####...~~~~~...
####......#~..#..#
..................


You could see 2 orcs.

Vanquished Creatures
  A black bear (D:5)
  3 adders (Sewer)
  4 river rats (Sewer)
  2 orcs (D:4)
  A giant cockroach (D:4)
  A quokka (D:4)
  6 ball pythons
  3 frilled lizards (Sewer)
  9 rats (Sewer)
30 creatures vanquished.

Notes
Turn   | Place    | Note
-------+----------+-------------------------------------------
     0 | D:5      | wormed the Kobold Delver began the quest for the Orb.
     0 | D:5      | Reached XP level 1. HP: 14/14 MP: 1/1
     0 | D:5      | Found a staircase to the Ecumenical Temple.
     6 | Temple   | Entered the Ecumenical Temple
   240 | Temple   | Prayed at the altar of an unknown god.
   240 | Temple   | Became a worshipper of Gozag Ym Sagoz the Greedy
   279 | D:5      | Noticed a water moccasin
   317 | D:5      | Noticed a black bear
   323 | D:5      | Killed a black bear
   324 | D:5      | Reached skill level 6 in Short Blades
   324 | D:5      | Reached XP level 2. HP: 19/19 MP: 2/2
   324 | D:5      | Reached XP level 3. HP: 23/23 MP: 3/3
   324 | D:5      | Reached XP level 4. HP: 28/28 MP: 4/4
   373 | D:4      | Found a glowing drain.
   385 | Sewer    | Entered a sewer
   423 | Sewer    | Reached XP level 5. HP: 32/32 MP: 5/5
   643 | Sewer    | Reached skill level 7 in Short Blades
   967 | D:4      | Slain by an orc

Illustrated notes

Levels and vault maps discovered:
D:4:      cheibrodos_helix_gallery, layout_rooms, cheibrodos_sewer_entry_drain
D:5:      layout_basic, minmay_temple_entry_grid
Temple:   chequers_temple_sunken

Skill      XL: |  1  2  3  4  5 |
---------------+----------------+-----
Short Blades   | 6 7 |  7.3
Fighting       | |  3.2
Dodging        | |  2.4
Stealth        | |  6.6

Action                   |  1- 3 |  4- 6 || total
-------------------------+-------+-------++-------
Melee: Short sword       |     4 |    73 ||    77
       Punch             |       |     2 ||     2
  Use: Scroll            |     1 |       ||     1
       Potion            |     1 |       ||     1
 Stab: Sleeping          |     2 |    16 ||    18
Armor: Leather armour    |     1 |     9 ||    10
Dodge: Dodged            |     1 |    36 ||    37

Table legend: (Time is in decaauts)
 A = Elapsed time spent in this place.
 B = Non-inter-level travel time spent in this place.
 C = Inter-level travel time spent in this place.
 D = Time resting spent in this place.
 E = Time spent auto-exploring this place.
 F = Levels seen in this place.
 G = Mean time per level.
                   A        B        C        D        E       F      G
               +--------+--------+--------+--------+--------+-----+--------+
         Total |   1033 |   1024 |      9 |      0 |    705 |   4 |  258.2 |
       Dungeon |    221 |    221 |      0 |      0 |    100 |   2 |  110.5 |
        Temple |    304 |    295 |      9 |      0 |    257 |   1 |  304.0 |
         Sewer |    506 |    506 |      0 |      0 |    348 |   1 |  506.0 |
               +--------+--------+--------+--------+--------+-----+--------+

Top non-repeatable levels by time:
   Sewer: 506 daAuts
  Temple: 304 daAuts
     D:4: 138 daAuts
     D:5: 83 daAuts
